 Dungeon Crawl Stone Soup version 0.27-a0-1278-g6cbc8dfb29 (webtiles) character file.

Game seed: 12376455967286979058

7162 HoaS the Cruncher (level 11, -1/64 HPs)
             Began as a Gargoyle Gladiator on June 12, 2021.
             Was a Believer of Okawaru.
             Slain by a two-headed ogre (8 damage)
             ... on level 9 of the Dungeon.
             The game lasted 00:22:34 (9602 turns).

HoaS the Cruncher (Gargoyle Gladiator)              Turns: 9602, Time: 00:22:34

Health: -1/64      AC: 28    Str: 20    XL:     11   Next: 10%
Magic:  12/14      EV: 10    Int:  9    God:    Okawaru [**....]
Gold:   627        SH:  0    Dex: 18    Spells: 10/10 levels left

rFire    . . .     SeeInvis .   w - +4 quarterstaff
rCold    . . .     Faith    .   (shield currently unavailable)
rNeg     + . .     Spirit   .   j - +0 plate armour
rPois    ∞         Reflect  .   c - +1 helmet
rElec    +         Harm     .   n - scarf {shadows}
rCorr    .         Rampage  .   (no gloves)
Will     .....                  (no boots)
Stlth    ..........             (no amulet)
HPRegen  0.20/turn              a - +4 ring of protection
MPRegen  0.14/turn              i - +6 ring of dexterity

@: heroic, studying Bows
A: sickness immunity, AC +8, negative energy resistance 1, electricity
resistance, torment resistance 1, petrification resistance
a: Renounce Religion, Heroism


You were on level 9 of the Dungeon.
You worshipped Okawaru.
Okawaru was pleased with you.
You visited 2 branches of the dungeon, and saw 10 of its levels.
You also visited: Ossuary.

You collected 627 gold pieces.

Inventory:

Hand Weapons
 q - a +0 hand crossbow
 w - a +4 quarterstaff (weapon)
Missiles
 h - 118 bolts
Armour
 c - a +1 helmet (worn)
 j - a +0 plate armour (worn)
 n - a scarf of shadows (worn)
Jewellery
 a - a +4 ring of protection (left hand)
 d - the ring of the Madman {rF- Will+ Str+9 Dex-4}
   (You found it on level 7 of the Dungeon)

   [ring of willpower]

   It affects your strength (+9).
   It affects your dexterity (-4).
   It makes you vulnerable to fire.
   It increases your willpower.
 g - a ring of willpower
 i - a +6 ring of dexterity (right hand)
 m - a ring of flight
 y - a ring of ice
 z - a +6 ring of dexterity
Wands
 e - a wand of mindburst (5) (quivered)
 l - a wand of iceblast (23)
 o - a wand of digging (14)
Scrolls
 b - a scroll of summoning
 t - 2 scrolls of teleportation
 v - 2 scrolls of fear
Potions
 f - 3 potions of attraction
 k - a potion of resistance
 p - a potion of cancellation
 r - a potion of ambrosia {unknown}
 s - a potion of lignification {unknown}
 u - 6 potions of heal wounds
 x - a potion of might {unknown}


   Skills:
 * Level 6.2(11.2) Fighting
 - Level 14.0(19.0) Staves
 - Level 2.0(7.0) Crossbows
 - Level 1.7(6.7) Throwing
 + Level 3.8(8.8) Armour
 + Level 4.0(9.0) Dodging
 + Level 4.0 Invocations


You had 10 spell levels left.
You didn't know any spells.
Your spell library was empty.

Dungeon Overview and Level Annotations

Branches:
Dungeon (9/15)             Temple (1/1) D:7         Ossuary (visited)
   Lair: D:8-11         Orc: D:9-12

Altars:
Ashenzari
Cheibriados
Dithmenos
Elyvilon
Hepliaklqana
Kikubaaqudgha
Makhleb
Nemelex Xobeh
Okawaru
Ru
Sif Muna
Vehumet
Wu Jian
Yredelemnul
Zin
The Shining One


Innate Abilities, Weirdness & Mutations

You are immune to sickness and miasma.
Your stone body is resilient. (AC +8)
You are immune to poison.
You resist negative energy. (rN+)
You are resistant to electric shocks. (rElec)
You are resistant to unholy torment.
You are immune to petrification.


Message History

There is an open door here.
A two-headed ogre comes into view. It is wielding two +0 giant clubs.
Found 25 gold pieces.
The two-headed ogre's minds are blasted!
The two-headed ogre resists with some effort.
The two-headed ogre resists with some effort.
Okay, then.
q - a +0 hand crossbow (weapon)
You shoot a bolt.
The bolt hits the two-headed ogre but does no damage.
The two-headed ogre is moderately wounded.
w - a +4 quarterstaff (weapon)
The two-headed ogre hits you with a +0 giant club.
The two-headed ogre barely misses you.
You sock the two-headed ogre!
The two-headed ogre is moderately wounded.
Your plate armour prevents you from hitting the two-headed ogre.
The two-headed ogre is moderately wounded.
The two-headed ogre hits you with a +0 giant club!!
The two-headed ogre barely misses you.
Your plate armour prevents you from hitting the two-headed ogre.
The two-headed ogre is moderately wounded.
You hit the two-headed ogre.
The two-headed ogre is heavily wounded.
The two-headed ogre closely misses you.
The two-headed ogre hits you with a +0 giant club!
You sock the two-headed ogre!
The two-headed ogre is severely wounded.
You hit the two-headed ogre.
The two-headed ogre is severely wounded.
The two-headed ogre completely misses you.
The two-headed ogre hits you with a +0 giant club!
* * * LOW HITPOINT WARNING * * *
You gain the combat prowess of a mighty hero.
You hit the two-headed ogre.
The two-headed ogre is severely wounded.
The two-headed ogre hits you with a +0 giant club.
* * * LOW HITPOINT WARNING * * *
The two-headed ogre hits you with a +0 giant club!
You die...

#...#.........#
#...#....<....#
#...#.........#
#..<#..######.#
#...#..# ..
#...'..#
#...#..#
..#####..#
....(O@..#
.............
$............
......###.....
...... .....
.###+# ..... ..


You could see a two-headed ogre.

Vanquished Creatures
  A two-headed ogre (D:7)
  A kobold demonologist (D:8)
  A hornet (D:7)
  Sigmund (D:6)
  A wyvern (D:6)
  5 yaks (D:8)
  An acid dragon (D:8)
  2 ice beasts
  3 orc warriors
  A necrophage (D:6)
  5 ogres
  7 centaurs
  A phantom (D:6)
  4 bullfrogs
  An elf zombie (Ossuary)
  23 kobold brigands
  2 scorpions
  A water moccasin zombie (D:5)
  A water moccasin skeleton (D:6)
  4 killer bees (D:8)
  A wight (D:8)
  4 howler monkeys
  A bullfrog zombie (D:6)
  2 jellies
  A hound (D:5)
  4 orc priests
  Terence (D:3)
  5 iguanas
  4 orc wizards
  A killer bee zombie (D:7)
  3 mummies
  A hound zombie (D:5)
  Robin (D:3)
  3 gnolls (D:4)
  8 adders
  A shadow imp (D:6)
  2 white imps
  3 worms (D:2)
  5 dart slugs
  18 orcs
  11 ball pythons
  2 endoplasms
  A giant cockroach (D:3)
  21 goblins
  13 hobgoblins
  5 jackals
  3 quokkas
  5 bats
  4 frilled lizards
  3 gnoll zombies (Ossuary)
  3 goblin zombies (Ossuary)
  4 hobgoblin zombies
  24 kobolds
  5 orc zombies
  4 rats
243 creatures vanquished.

Vanquished Creatures (others)
  A bush (D:7)
1 creature vanquished.

Grand Total: 244 creatures vanquished

Notes
Turn   | Place    | Note
-------+----------+-------------------------------------------
     0 | D:1      | HoaS the Gargoyle Gladiator began the quest for the Orb.
     0 | D:1      | Reached XP level 1. HP: 12/12 MP: 1/1
    62 | D:1      | Reached XP level 2. HP: 14/17 MP: 2/2
   416 | D:1      | Found a faded altar of an unknown god.
   453 | D:1      | Reached skill level 4 in Staves
   460 | D:1      | Reached XP level 3. HP: 20/21 MP: 3/3
  1227 | D:2      | Reached XP level 4. HP: 5/26 MP: 4/4
  1237 | D:2      | Reached skill level 5 in Staves
  2594 | D:3      | Reached XP level 5. HP: 23/30 MP: 5/5
  2798 | D:3      | Noticed Terence
  2805 | D:3      | Killed Terence
  2852 | D:3      | Reached skill level 6 in Staves
  2853 | D:3      | Found an ornate altar of the Wu Jian Council.
  2853 | D:3      | Found a shadowy altar of Dithmenos.
  2937 | D:3      | Noticed Robin
  2948 | D:3      | Killed Robin
  2970 | D:3      | Found a broken altar of Ashenzari.
  3028 | D:3      | Found a sacrificial altar of Ru.
  3104 | D:3      | Found a glowing silver altar of Zin.
  3273 | D:4      | Noticed an ogre
  3278 | D:4      | Killed an ogre
  3279 | D:4      | Reached XP level 6. HP: 35/35 MP: 6/6
  3461 | D:4      | Reached skill level 7 in Staves
  3926 | D:4      | Reached XP level 7. HP: 38/40 MP: 7/7
  4169 | D:5      | Entered Level 5 of the Dungeon
  4212 | D:5      | Reached skill level 8 in Staves
  4895 | D:5      | Reached skill level 9 in Staves
  5149 | D:5      | Reached XP level 8. HP: 40/44 MP: 8/8
  5505 | D:6      | Reached skill level 10 in Staves
  5566 | D:6      | Noticed Sigmund
  5572 | D:6      | Killed Sigmund
  5690 | D:6      | Reached skill level 11 in Staves
  5856 | D:6      | Reached XP level 9. HP: 48/48 MP: 9/9
  6523 | D:6      | Reached skill level 12 in Staves
  6817 | D:7      | Noticed a two-headed ogre
  6831 | D:7      | Killed a two-headed ogre
  6832 | D:7      | Reached skill level 13 in Staves
  6834 | D:7      | Found a sparkling altar of Nemelex Xobeh.
  7007 | D:7      | Noticed a hornet
  7022 | D:7      | Killed a hornet
  7023 | D:7      | Reached XP level 10. HP: 28/53 MP: 10/10
  7047 | D:7      | Found a staircase to the Ecumenical Temple.
  7168 | D:7      | Found a sand-covered staircase.
  7176 | Ossuary  | Entered an ossuary
  7448 | Temple   | Entered the Ecumenical Temple
  7533 | Temple   | Became a worshipper of Warmaster Okawaru
  8120 | D:7      | Identified the ring of the Madman {rF- Will+ Str+9 Dex-4}
  8189 | D:8      | Reached skill level 1 in Invocations
  8234 | D:8      | Reached skill level 1 in Crossbows
  8288 | D:8      | Reached skill level 14 in Staves
  8338 | D:8      | Reached skill level 1 in Armour
  8343 | D:8      | Reached * piety under Okawaru
  8394 | D:8      | Noticed a kobold demonologist
  8406 | D:8      | Killed a kobold demonologist
  8931 | D:8      | Reached ** piety under Okawaru
  8932 | D:8      | Reached skill level 5 in Fighting
  9112 | D:8      | Reached XP level 11. HP: 61/64 MP: 13/13
  9588 | D:9      | Noticed a two-headed ogre
  9602 | D:9      | Slain by a two-headed ogre

Illustrated notes

Levels and vault maps discovered:
D:1:      wander_arrival_peaceful_grave, layout_basic, basic_ecumenical_altar,
          minmay_hexomino_c4
D:2:      layout_loops_cross, minmay_tree_intersection, hex_large,
          hangedman_decor_clover_reticule
D:3:      layout_rooms, nicolae_overflow_hidden_temple, zin_academy,
          jmf_multi_god_temple, nicolae_ru_sacrificial_ziggurat,
          kennysheep_generic_room_8, uniq_terence, uniq_robin
D:4:      layout_cave_pods
D:5:      layout_loops_cross, kennysheep_generic_room_2
D:6:      layout_loops_ring, minmay_liquid_box, kennysheep_generic_room_7,
          uniq_sigmund
D:7:      layout_basic, general_overflow_altar, temple_green,
          nicolae_ossuary_entry_giza, kb_lookout_dungeons_type
D:8:      layout_loops_ring, special_room [special_room_kobold],
          minmay_misc_feat_more_columns, minmay_manual_moon
D:9:      layout_irregular_city, grunt_temple_overflow_diamond, chequers_avenue,
          uniq_prince_ribbit1
Temple:   cyrus_temple_forest

Skill      XL: |  1  2  3  4  5  6  7  8  9 10 11 |
---------------+----------------------------------+-----
Staves         | 4 5 6 7 9 11 13 14 | 14.0
Invocations    | 3 4 |  4.0
Crossbows      | 2 |  2.0
Armour         | 3 |  3.8
Fighting       | 5 6 |  6.2
Dodging        | 3 4 |  4.0
Throwing       | |  1.7

Action                   |  1- 3 |  4- 6 |  7- 9 | 10-12 || total
-------------------------+-------+-------+-------+-------++-------
Melee: Quarterstaff      |   128 |   155 |   217 |   451 ||   951
 Fire: Hand crossbow     |       |       |       |     1 ||     1
Throw: Boomerang         |       |     7 |       |       ||     7
       Throwing net      |       |       |     4 |       ||     4
Invok: Heroism           |       |       |       |     1 ||     1
Evoke: Wand              |       |       |     1 |     3 ||     4
  Use: Scroll            |     3 |    10 |     4 |     5 ||    22
       Potion            |       |     1 |     1 |     1 ||     3
 Stab: Held in net/web   |       |       |     4 |       ||     4
Armor: Leather armour    |    21 |       |       |       ||    21
       Plate armour      |    26 |    86 |   131 |   212 ||   455
       Ring mail         |    24 |       |       |       ||    24
Dodge: Dodged            |    62 |    25 |    46 |    85 ||   218

Table legend: (Time is in decaauts)
 A = Elapsed time spent in this place.
 B = Non-inter-level travel time spent in this place.
 C = Inter-level travel time spent in this place.
 D = Time resting spent in this place.
 E = Time spent auto-exploring this place.
 F = Levels seen in this place.
 G = Mean time per level.
                   A        B        C        D        E       F      G
               +--------+--------+--------+--------+--------+-----+--------+
         Total |   9374 |   8843 |    531 |   2619 |   4535 |  11 |  852.2 |
       Dungeon |   9022 |   8550 |    472 |   2559 |   4406 |   9 | 1002.4 |
        Temple |    126 |     67 |     59 |      0 |     65 |   1 |  126.0 |
       Ossuary |    225 |    225 |      0 |     60 |     64 |   1 |  225.0 |
               +--------+--------+--------+--------+--------+-----+--------+

Top non-repeatable levels by time:
     D:2: 1691 daAuts
     D:6: 1351 daAuts
     D:8: 1260 daAuts
     D:5: 1169 daAuts
     D:7: 1036 daAuts
     D:4: 971 daAuts
     D:1: 823 daAuts
     D:3: 697 daAuts
 Ossuary: 225 daAuts
  Temple: 126 daAuts
     D:9: 21 daAuts
